 Dungeon Crawl Stone Soup version 0.20-a0-16-g0876c8e (webtiles) character file.

100 sveltemanboy the Slasher (level 4, -3/33 HPs)
             Began as a Demonspawn Gladiator on Nov 3, 2016.
             Was an Initiate of Okawaru.
             Slain by an orc
             ... wielding a +0 trident
              (6 damage)
             ... on level 3 of the Dungeon.
             The game lasted 00:06:11 (2132 turns).

sveltemanboy the Slasher (Demonspawn Gladiator)     Turns: 2132, Time: 00:06:11

Health: -3/33      AC:  5    Str: 17    XL:     4   Next: 47%
Magic:  5/5        EV: 13    Int:  9    God:    Okawaru [......]
Gold:   104        SH:  0    Dex: 15    Spells: 0 memorised, 3 levels left

rFire  . . .     SeeInvis .       - Unarmed
rCold  . . .     Gourm    .     z - +0 leather armour
rNeg   . . .     Faith    .     (no shield)
rPois  .         Spirit   .     u - +1 helmet (curse)
rElec  .         Reflect  .     (no cloak)
rCorr  .         Harm     .     (no gloves)
MR     .....                    (no boots)
Stlth  ++++......               (no amulet)
                                (no ring)
                                y - ring of stealth

@: no status effects
A: claws 1, thin skeletal structure 1, nightstalker 1
a: Renounce Religion


You were on level 3 of the Dungeon.
You worshipped Okawaru.
Okawaru was noncommittal.
You were not hungry.

You visited 1 branch of the dungeon, and saw 3 of its levels.

You collected 104 gold pieces.

Inventory:

Missiles
 d - 2 throwing nets (quivered)
 w - 8 curare-tipped needles
Armour
 s - a +0 large shield
 u - a cursed +1 helmet (worn)
 z - a +0 leather armour (worn)
Jewellery
 y - a ring of stealth (left claw)
Scrolls
 i - 4 scrolls of identify {unknown}
 t - a scroll of enchant armour
Potions
 l - a potion of might
 v - a potion of lignification
Comestibles
 f - 7 bread rations
 g - 5 fruits
 h - 2 beef jerkies
 k - 2 meat rations
 o - 3 slices of pizza


   Skills:
 - Level 2.0 Fighting
   Level 3.5 Long Blades
 - Level 1.7 Throwing
 - Level 1.1 Armour
 - Level 2.6 Dodging
 + Level 0.8 Stealth
 * Level 1.8 Unarmed Combat
 + Level 1.8 Invocations


You had 3 spell levels left.
You didn't know any spells.

Dungeon Overview and Level Annotations

Branches:
Dungeon (3/15)

Altars:
Okawaru
Sif Muna


Innate Abilities, Weirdness & Mutations

You have sharp fingernails.
You have a somewhat thin skeletal structure. (Dex +2, Stealth)
You are slightly more attuned to the shadows.


Message History

The orc hits you but does no damage. The orc hits you but does no damage.
The orc hits you but does no damage.
The orc hits you from afar with a trident.
* * * LOW HITPOINT WARNING * * *
You feel less woody.
Your cursed +1 helmet unmelds from your body.
Your +0 leather armour unmelds from your body.
The orc closely misses you. The orc closely misses you.
The orc closely misses you.
Items here: )) [ †† a dagger; a robe; a flail; an orc corpse x2
You are too injured to fight recklessly!
You are too injured to fight recklessly!
You barely miss the orc. The orc completely misses you.
You closely miss the orc. The orc misses you.
All of the chunks of flesh in your inventory have rotted away.
You scratch the orc but do no damage. The orc hits you with a trident.
You die...

#####.#.####.#
.........# #.#
#######..# #.#
......#..# #.#
....#....#
#.#####
..#.#.##.#
#.....#
#..<#..#.#
#####.#
..#.#..#.# #.#
..#.#..#.# #@#
..#.####.#
#o#*****
..#.)....#
#..,,,,*
....#######
####**,*
..).......#
*,*
....#####.#
*,*
...>....#.###
*,*
........#...#
*,*
##......#<..#
*,*


You could see an orc.

Vanquished Creatures
  An orc wizard (D:3)
  An adder (D:2)
  A dart slug (D:1)
  3 leopard geckos
  3 orcs (D:3)
  4 bats
  2 giant cockroaches
  5 goblins
  12 hobgoblins
  3 jackals (D:2)
  A ball python (D:1)
  3 frilled lizards
  6 kobolds
  8 rats
53 creatures vanquished.

Notes
Turn   | Place    | Note
-------+----------+-------------------------------------------
     0 | D:1      | sveltemanboy the Demonspawn Gladiator began the quest for the Orb.
     0 | D:1      | Reached XP level 1. HP: 16/16 MP: 1/1
   165 | D:1      | Reached skill level 3 in Long Blades
   195 | D:1      | Gained mutation: You have a somewhat thin skeletal structure. (Dex +2, Stealth) [demonic ancestry]
   195 | D:1      | Reached XP level 2. HP: 22/22 MP: 2/2
   306 | D:1      | Reached skill level 1 in Armour
   748 | D:1      | Gained mutation: You have sharp fingernails. [demonic ancestry]
   748 | D:1      | Reached XP level 3. HP: 27/27 MP: 3/3
   772 | D:2      | Found an iron altar of Okawaru.
   801 | D:2      | Became a worshipper of Warmaster Okawaru
   855 | D:2      | Found a deep blue altar of Sif Muna.
  1493 | D:2      | Reached skill level 1 in Unarmed Combat
  1493 | D:2      | Reached skill level 1 in Invocations
  1824 | D:3      | Gained mutation: You are slightly more attuned to the shadows. [demonic ancestry]
  1824 | D:3      | Reached XP level 4. HP: 33/33 MP: 5/5
  2132 | D:3      | Slain by an orc

Vault maps used:
D:1:      minmay_arrival_hallway, corexii_item_surrounded_by_moat,
          corexii_leaking_fountain
D:2:      minmay_wonky_spiral, lemuel_crystal_altar, okawaru_metal_pillars_1_2
D:3:      glass_columns_b, lemuel_another_geyser

Skill      XL: |  1  2  3 |
---------------+----------+-----
Long Blades    | 3 |  3.5
Armour         | 1 |  1.1
Unarmed Combat | 1 |  1.8
Invocations    | 1 |  1.8
Fighting       | |  2.0
Throwing       | |  1.7
Dodging        | |  2.6
Stealth        | |  0.8

Action                   |  1- 3 |  4- 6 || total
-------------------------+-------+-------++-------
Melee: Long sword        |    61 |       ||    61
       Unarmed           |   100 |    35 ||   135
       Punch             |     1 |       ||     1
Throw: Throwing net      |     4 |       ||     4
  Use: Scroll            |       |     8 ||     8
       Potion            |       |     4 ||     4
 Stab: Distracted        |     1 |       ||     1
       Held in net/web   |     1 |       ||     1
       Sleeping          |     1 |       ||     1
  Eat: Chunk             |     3 |     1 ||     4
Armor: Leather armour    |    23 |     8 ||    31
       Ring mail         |    15 |     1 ||    16
       Skin              |       |    41 ||    41
Dodge: Dodged            |    90 |    37 ||   127
       Rpst.: Long sword |    10 |       ||    10
